 Dungeon Crawl Stone Soup version 0.24-a0-10-gb84795d (webtiles) character file.

Game seed: 3238482021568915620

84 galech the Shield-Bearer (level 4, -2/35 HPs)
             Began as a Demonspawn Fighter on Jan 31, 2019.
             Slain by a goblin
             ... wielding a +0 club
              (4 damage)
             ... on level 3 of the Dungeon.
             The game lasted 00:01:20 (1490 turns).

galech the Shield-Bearer (Demonspawn Fighter)       Turns: 1490, Time: 00:01:21

Health: -2/35      AC:  6    Str: 16    XL:     4   Next: 24%
Magic:  4/4        EV:  7    Int: 10    God:
Gold:   71         SH:  9    Dex: 13    Spells: 3/3 levels left

rFire    . . .     SeeInvis .   a - +0 war axe
rCold    . . .     Gourm    .   c - +0 shield
rNeg     . . .     Faith    .   b - +0 scale mail
rPois    .         Spirit   .   (helmet restricted)
rElec    .         Reflect  .   (no cloak)
rCorr    .         Harm     .   (no gloves)
MR       .....                  (no boots)
Stlth    ..........             n - amulet of rage
HPRegen  0.11/turn              (no ring)
MPRegen  0.09/turn              (no ring)

@: berserk cooldown, slowed, very slow
A: horns 1, rot immunity
a: Evoke Berserk Rage


You were on level 3 of the Dungeon.
You were hungry.

You visited 1 branch of the dungeon, and saw 3 of its levels.

You collected 71 gold pieces.

Inventory:

Hand Weapons
 a - a +0 war axe (weapon)
Armour
 b - a +0 scale mail (worn)
 c - a +0 shield (worn)
Jewellery
 n - an amulet of rage (around neck)
Scrolls
 i - a scroll of noise {unknown}
 l - a scroll of teleportation {unknown}
 m - a scroll of immolation {unknown}
Potions
 d - a potion of might
 e - a potion of heal wounds {unknown}
 g - a potion of agility {unknown}
 h - a potion of degeneration {unknown}
 j - a potion of curing {unknown}
Comestibles
 f - a ration
 k - a chunk of flesh


   Skills:
 + Level 3.3 Fighting
 + Level 2.3 Axes
 + Level 3.2 Armour
 + Level 0.5 Dodging
 + Level 0.1 Stealth
 + Level 3.5 Shields


You had 3 spell levels left.
You didn't know any spells.
Your spell library was empty.

Dungeon Overview and Level Annotations

Branches:
Dungeon (3/15)

Altars:


Innate Abilities, Weirdness & Mutations

You have a pair of small horns on your head.
You are immune to rotting.


Message History

You closely miss the bat. Your headbutt misses the bat.
The bat hits you but does no damage. The bat barely misses you.
You feel a strong urge to attack something.
You are no longer berserk.
You are exhausted.
You feel yourself slow down. You block the bat's attack.
The bat barely misses you.
You hit the bat.
The bat is severely wounded.
You block the bat's attack.
A goblin comes into view. It is wielding a +0 club.
The bat barely misses you.
You hit the bat.
You kill the bat!
The goblin hits you with a +0 club.
* * * LOW HITPOINT WARNING * * *
You barely miss the goblin. You block the goblin's attack. x2
You barely miss the goblin. The goblin hits you with a +0 club.
You die...

.#######.........
................
...............
.......(.....#
#.....=......#
#........))..#
#............#
#......g.....#
###....@†....#
###....[...#
###........#
#..........#
##+##.......#
#....########
#.<..#
########....#
#..(..##....#


You could see a goblin.

Vanquished Creatures
  4 gnolls (D:3)
  An adder (D:2)
  An ooze (D:2)
  4 dart slugs
  2 giant cockroaches
  3 hobgoblins
  3 kobolds
  2 quokkas (D:2)
  3 bats
  3 frilled lizards
  A goblin (D:2)
  2 rats
29 creatures vanquished.

Notes
Turn   | Place    | Note
-------+----------+-------------------------------------------
     0 | D:1      | galech the Demonspawn Fighter began the quest for the Orb.
     0 | D:1      | Reached XP level 1. HP: 18/18 MP: 1/1
   219 | D:1      | Gained mutation: You have a pair of small horns on your
                  | head. [demonic ancestry]
   219 | D:1      | Reached XP level 2. HP: 24/24 MP: 2/2
   954 | D:2      | Reached XP level 3. HP: 19/29 MP: 3/3
  1473 | D:3      | Gained mutation: You are immune to rotting. [demonic
                  | ancestry]
  1473 | D:3      | Reached XP level 4. HP: 13/35 MP: 4/4
  1490 | D:3      | Slain by a goblin

Vault maps used:
D:1:      co_arrival_hall_of_pillars, kennysheep_nondescript
D:2:      kennysheep_cross_room
D:3:      overflow_temple_1_default

Skill      XL: |  1  2 |
---------------+-------+-----
Shields        | 3 |  3.5
Armour         | 3 |  3.2
Axes           | 2 |  2.3
Fighting       | |  3.3
Dodging        | |  0.5
Stealth        | |  0.1

Action                   |  1- 3 |  4- 6 || total
-------------------------+-------+-------++-------
Melee: War axe           |    77 |     8 ||    85
       Headbutt          |     9 |       ||     9
 Abil: Evoke Berserk Rag |     1 |       ||     1
  Eat: Chunk             |     2 |       ||     2
Armor: Scale mail        |    44 |     3 ||    47
Dodge: Dodged            |    28 |     3 ||    31
Block: Shield            |    54 |     7 ||    61

Table legend:
 A = Non-vault XP
 B = Vault XP
 C = Vault XP percentage of total XP
 D = Non-vault monster count
 E = Vault monster count
 F = Vault count percentage of total count
                 A         B        C        D         E       F
            +---------+---------+-------+---------+---------+-------
      Total |     121 |       0 |   0.0 |      29 |       0 |   0.0
            +---------+---------+-------+---------+---------+-------
        D:1 |      19 |       0 |   0.0 |       9 |       0 |   0.0
        D:2 |      38 |       0 |   0.0 |      13 |       0 |   0.0
        D:3 |      64 |       0 |   0.0 |       7 |       0 |   0.0
            +---------+---------+-------+---------+---------+-------
